[Event "VII GM Barcelona CC 2022"]
[Site "Barcelona"]
[Date "2022.05.12"]
[Round "5.2"]
[White "Alvarez Albiol, Victor"]
[Black "Rodriguez Lopez, Rafael"]
[Result "1-0"]
[ECO "B53"]
[WhiteElo "2328"]
[BlackElo "2176"]
[Annotator "TA"]
[PlyCount "101"]
[EventDate "2022.05.10"]
[EventType "tourn"]
[EventCountry "ESP"]
[SourceTitle "playchess.com"]
[Source "ChessBase"]
[SourceQuality "1"]
[TimeControl "5400+30"]

1. e4 c5 2. Nf3 d6 3. d4 cxd4 4. Qxd4 Nf6 5. Bg5 Nc6 6. Bb5 Bd7 7. Bxc6 Bxc6 8. Nc3 e6 9. O-O-O Be7 10. Qd3 $1 {[%emt 0:00:15][%mdl 4] is more profitable than 10.Rhe1 at the moment.} Qa5 11. h4 h6 12. Bxf6 {[%emt 0:01:00] B53: Sicilian: 2...d6: Lines with Qxd4.} Bxf6 13. Nd4 Rd8 14. f4 {[%emt 0:02:21] The position is equal.} O-O 15. g4 Bxd4 16. Qxd4 e5 17. Qd2 exf4 18. g5 {[%emt 0:01:23] [#]} h5 $146 (18... hxg5 19. hxg5 Rfe8 20. Qh2 $18 (20. Qxf4 Qe5 $16)) ({Predecessor:} 18... f5 19. gxh6 fxe4 20. Rhg1 Qe5 21. Rg5 Rf5 22. Rxg7+ Kh8 23. Qg2 Qf6 24. Nxe4 Bxe4 25. Qxe4 {0-1 (67) Kovalev,V (2485)-Antipov,M (2462) Athens 2012}) 19. Qxf4 Qe5 20. Qf3 g6 21. Nd5 Bxd5 22. Rxd5 Qe7 23. Rhd1 Rfe8 24. R1d4 {[%emt 0:01:21] White is much more active.} Qc7 25. Qd3 $1 Rc8 26. Kb1 (26. c3 $16) 26... Re6 (26... Qd7 $1 $11) 27. a3 Rce8 28. Rxd6 Rxd6 29. Rxd6 {[%emt 0:00:06] Threatens to win with Qd5.} Rxe4 $2 {[%emt 0:00:34] [#] Black cannot hold the game after this.} 30. Rxg6+ $3 $18 fxg6 31. Qxe4 $16 {[%emt 0:00:06][%mdl 4096] Endgame KQ-KQ} Qf7 32. b3 Kf8 33. Qb4+ Kg8 34. Qd4 {[%emt 0:02:44] Against Qd7} a6 (34... b6 {was worth a try.} 35. Kc1 Qf8) 35. a4 $18 Qf3 36. Kb2 Kf7 $2 (36... Qc6 37. c4 Qc7) 37. Qe5 (37. Qd7+ $142 Kg8 38. Qe6+ Kh7 39. Qe7+ Kg8 40. Qe8+ Kg7 41. Ka3) 37... Qc6 $2 (37... Kg8 38. Qe6+ Kh7) 38. c4 Qg2+ 39. Ka3 Qc2 40. Qd5+ Ke8 41. Kb4 Qb1 42. Qxb7 Qe1+ 43. Kc5 {[%emt 0:00:07] [#] Black must now prevent Qc6+.} Qxh4 44. Qc6+ Ke7 45. Qd6+ Ke8 46. Qxg6+ Kd7 47. Qf7+ {[%emt 0:01:07] White mates.} Kc8 48. Qe8+ Kc7 49. Qe7+ Kc8 50. Kc6 Qh1+ 51. Kb6 {[%emt 0:00:33] Weighted Error Value: White=0.20 (precise) /Black=0.59} 1-0

[Event "VII GM Barcelona CC 2022"]
[Site "Barcelona"]
[Date "2022.05.12"]
[Round "5.3"]
[White "Gonzalez Perez, Arian"]
[Black "Munoz, Miguel"]
[Result "1/2-1/2"]
[ECO "B30"]
[WhiteElo "2415"]
[BlackElo "2421"]
[Annotator "TA"]
[PlyCount "25"]
[EventDate "2022.05.10"]
[EventType "tourn"]
[EventCountry "ESP"]
[SourceTitle "playchess.com"]
[Source "ChessBase"]
[SourceQuality "1"]
[TimeControl "5400+30"]

1. e4 c5 2. Nf3 Nc6 3. Bb5 Nf6 4. Nc3 Nd4 5. e5 Nxb5 6. Nxb5 Nd5 7. Nc3 {[%emt 0:00:46] B30: Sicilian: 2...Nc6 3 Bb5, lines without ...g6.} Nxc3 8. dxc3 d5 {[%emt 0:00:17] [#]} 9. exd6 $146 {[%emt 0:00:24] The position is equal.} ({Predecessor:} 9. O-O h6 10. Qd3 e6 11. c4 b6 12. Nd2 Bb7 13. Rd1 Qd7 14. b3 Be7 15. Bb2 {½-½ (32) Kosirog,N-Ramsden,J (1768) ICCF email 2010}) 9... exd6 10. Bg5 Be7 11. Bxe7 Qxe7+ 12. Qe2 Qxe2+ 13. Kxe2 {[%emt 0:00:08] A rather calm draw.  Weighted Error Value: White=0.06 (flawless) /Black=0.00 (flawless)} 1/2-1/2

[Event "VII GM Barcelona CC 2022"]
[Site "Barcelona"]
[Date "2022.05.12"]
[Round "5.4"]
[White "Movsziszian, Karen"]
[Black "Del Prado Rodriguez, Xulio"]
[Result "1-0"]
[ECO "A36"]
[WhiteElo "2467"]
[BlackElo "2326"]
[Annotator "TA"]
[PlyCount "85"]
[EventDate "2022.05.10"]
[EventType "tourn"]
[EventCountry "ESP"]
[SourceTitle "playchess.com"]
[Source "ChessBase"]
[SourceQuality "1"]
[TimeControl "5400+30"]

1. g3 c5 2. c4 g6 3. Bg2 Bg7 4. Nc3 Nc6 5. d3 d6 6. Qd2 {[%emt 0:00:02] A36: Symmetrical English vs ...g6: 4 Bg2 Bg7.} e5 7. b3 Nge7 8. Bb2 {[%emt 0:00:01] The position is equal.} O-O 9. h4 h5 {[%emt 0:03:26] [#]} 10. Nf3 $146 ({Predecessor:} 10. Nh3 Rb8 11. O-O a6 12. Kh2 Nf5 13. Ne4 Bd7 14. e3 b5 15. Rad1 b4 16. Ra1 {1-0 (44) Ivanisevic,I (2618)-Borisek,J (2584) Slovenia 2019}) 10... Rb8 11. O-O a6 12. e3 b5 13. Ne4 Bf5 14. Nh2 Qd7 15. Qe2 b4 16. Rac1 a5 (16... Bh3 {keeps more tension.} 17. Bxh3 Qxh3 18. Nf3 Rfd8) 17. f3 Bxe4 18. dxe4 f5 19. Bh3 Qc7 20. Rfd1 (20. exf5 $142 Nxf5 21. Bxf5 Rxf5 22. Rcd1) 20... f4 $11 21. Nf1 fxe3 22. Nxe3 Nd4 23. Bxd4 exd4 (23... cxd4 $11 24. Nd5 Qa7) 24. Nd5 $14 Nxd5 25. Be6+ Kh8 26. cxd5 Qe7 27. f4 Bh6 ({Black should try} 27... Ra8) 28. Rc2 a4 29. Rf1 {[%emt 0:03:02] White is more active.} ({Resist} 29. bxa4 $6 Ra8 $14) 29... axb3 30. axb3 Ra8 31. Kg2 Ra3 (31... Qg7 $16) 32. Qd3 $18 Kg7 33. Rcf2 Qa7 34. e5 dxe5 35. fxe5 Ra2 $2 {[#]} (35... Rxf2+ {is more resistant.} 36. Rxf2 Ra2) 36. Rxa2 Qxa2+ 37. Kh3 {White wants to mate with Rxf8.} Rf2 (37... Qd2 $142 38. Qxd2 Bxd2) 38. Rxf2 Qxf2 {[#]} 39. d6 $1 {White threatens d7 and mate.} g5 40. hxg5 Bxg5 41. Bd5 (41. Qf5 $142 Qxf5+ 42. Bxf5) 41... Qe3 42. Qxe3 dxe3 43. Bc4 {Weighted Error Value: White=0.29 (precise) /Black=0.49} 1-0

[Event "VII GM Barcelona CC 2022"]
[Site "Barcelona"]
[Date "2022.05.12"]
[Round "5.5"]
[White "Sosa, Tomas"]
[Black "Roshka, Yevgeniy"]
[Result "1/2-1/2"]
[ECO "B40"]
[WhiteElo "2552"]
[BlackElo "2468"]
[Annotator "TA"]
[PlyCount "68"]
[EventDate "2022.05.10"]
[EventType "tourn"]
[EventCountry "ESP"]
[SourceTitle "playchess.com"]
[Source "ChessBase"]
[SourceQuality "1"]
[TimeControl "5400+30"]

1. e4 c5 2. Nf3 e6 3. d4 cxd4 4. Nxd4 Bc5 5. Nb3 Bb6 6. Nc3 Ne7 7. Bd3 Nbc6 {[%emt 0:01:47] B40: Sicilian: 2...e6, Unusual lines.} 8. Bf4 O-O {[%emt 0:00:41] [#]} 9. Qd2 $146 ({Predecessor:} 9. Qf3 d6 10. Qg3 e5 11. Bh6 Ng6 12. Bg5 f6 13. Bc4+ Kh8 14. Bd2 a6 15. O-O-O {0-1 (34) Rozman,M (2141)-Mohr,G (2454) Slovenia 2018}) 9... f5 10. exf5 Nxf5 11. O-O-O d5 12. Rhe1 {[%emt 0:00:13] Against e5} Nfd4 13. Bg5 Nxb3+ $1 14. axb3 Qd6 15. Bh4 Qb4 (15... Qxh2 $2 16. Bxh7+ $1 Kh8 17. Rh1 $18) 16. Bg3 Bd7 17. Qg5 Rf7 $1 (17... g6 $2 18. Nxd5 (18. Bxg6 Qe7 $18) 18... Bd8 19. Qxd8 (19. Nxb4 Bxg5+ 20. f4 Rxf4 $16) 19... Rfxd8 20. Nxb4 Nxb4 21. Bc4 $18) 18. Nb5 Qa5 {[%emt 0:07:05] Threatens to win with ...Bd8.} 19. Nd6 (19. c3 $5 ) 19... Rf6 $1 {[%emt 0:00:29] Hoping for ...e5.} (19... Qa1+ 20. Kd2 Qa5+ 21. c3 $16) 20. c3 Raf8 (20... Bxf2 $14 21. Nxb7 Qa2 22. Bxf2 Rxf2) 21. Kb1 {[%emt 0:01:33] White is much more active.} (21. Nxb7 $6 Qa2 $11) 21... Bxf2 22. Bxf2 (22. Nxb7 $2 Qb6 23. Bxf2 Rxf2 $19) 22... Rxf2 23. Qh5 $1 h6 (23... g6 $2 24. Bxg6 $1 R8f6 25. Qxh7+ Kf8 26. Nxb7 $18) 24. Qg6 R8f6 25. Qh7+ Kf8 26. Bg6 {[%emt 0:03:08] Dancing on a razor blade.} (26. Nxb7 Qb6 27. Nd6 (27. Qh8+ $2 Kf7 $19) 27... Qb8 $17) (26. Qh8+ Ke7 27. Nc8+ (27. Nxb7 Qb6 $17) 27... Bxc8 28. Qxc8 Nd8 $11) ({White should play} 26. Bc2 $1 $16) 26... Qb6 $1 $14 {[%emt 0:06:41] [#] Strongly threatening ...Ne7.} 27. Rxd5 $40 {[%emt 0:09:58][%mdl 128] White attacks.} Rxg6 $11 {[%emt 0:04:07] The position is equal.} 28. Rf5+ $1 (28. Rb5 $2 {[#]} Qc7 $1 29. Qh8+ (29. Qxg6 $2 {loses.} Qxd6 30. Ka2 Ne7 $19) 29... Ke7 30. Nf5+ Rxf5 $1 31. Rxf5 Qc8 32. Qxc8 Bxc8 $19) 28... Rxf5 29. Qh8+ Ke7 30. Nxf5+ Kf7 $1 31. Nd6+ Ke7 {[%emt 0:00:04] White must now prevent ...Qf2.} 32. Nf5+ $1 Kf7 33. Nd6+ Ke7 {[%emt 0:00:20] ...Qf2 is the strong threat.} 34. Nf5+ $1 Kf7 $1 {[%emt 0:00:56] Weighted Error Value: White=0.13 (very precise) /Black=0.08 (flawless)} 1/2-1/2

[Event "VII GM Barcelona CC 2022"]
[Site "Barcelona"]
[Date "2022.05.13"]
[Round "6.1"]
[White "Pajeken, Jakob Leon"]
[Black "Roshka, Yevgeniy"]
[Result "0-1"]
[ECO "A43"]
[WhiteElo "2398"]
[BlackElo "2468"]
[Annotator "TA"]
[PlyCount "90"]
[EventDate "2022.05.10"]
[EventType "tourn"]
[EventCountry "ESP"]
[SourceTitle "playchess.com"]
[Source "ChessBase"]
[SourceQuality "1"]
[TimeControl "5400+30"]

1. d4 Nf6 2. Nf3 c5 3. d5 e6 4. Nc3 exd5 5. Nxd5 Nxd5 6. Qxd5 Be7 7. e4 O-O 8. Bc4 d6 9. O-O Nd7 {[%emt 0:00:13] [#] A43: Schmid Benoni.} 10. Be2 $146 ({Predecessor:} 10. Qd3 Nb6 11. Bb3 Bg4 12. Bf4 Bxf3 13. gxf3 Rc8 14. Bc4 Qd7 15. Rfd1 Qh3 16. Bg3 Rfd8 17. c3 {1-0 (67) Annaberdiev,M (2509)-Rasulov,V (2538) Marmaris 2018}) 10... Nb6 11. Qh5 f5 {[%emt 0:05:00] The position is equal.} 12. e5 d5 13. a4 a5 14. Rd1 Bd7 15. b3 Qe8 16. Qxe8 Rfxe8 17. Bb5 (17. Bb2 $11) 17... Bxb5 $17 18. axb5 Ra7 19. c3 Rd8 20. Ng5 Raa8 21. Ne6 Rdc8 22. Nf4 c4 23. Be3 Bc5 24. Bxc5 Rxc5 25. b4 {[%emt 0:00:00] [#]} (25. bxc4 $11 {remains equal.} dxc4 26. Rd6 Rxb5 27. Ne6 Rxe5 28. Rxb6) 25... Rxb5 (25... axb4 $1 $17 {Strongly threatening ...Rxa1.} 26. Rxa8+ Nxa8 27. cxb4 Rxb5 28. Nxd5 Nb6 29. Ne7+ Kf7 30. Nxf5 Rxb4) 26. Rxa5 Raxa5 27. bxa5 Rxa5 {[%emt 0:02:42][%mdl 4096] Endgame KRN-KRN} 28. h4 Rb5 (28... d4 $5 29. cxd4 Nd5 30. Nxd5 Rxd5 $15) 29. Ra1 Kf7 30. Ra7 Nc8 31. Ra8 $1 Ne7 32. Rd8 Rb1+ 33. Kh2 Rd1 (33... Rc1 $15 34. Rd7 Rxc3 35. Rxb7 Rb3) 34. Rd7 b5 35. Rb7 (35. Kg3 $11 {and White stays safe.}) 35... d4 $19 36. cxd4 Rxd4 37. Kg3 {[%emt 0:00:57] Now White is beyond hope.} (37. g3 $17 {is a better defense.}) 37... b4 {[%emt 0:02:02] White must now prevent ...c3.} 38. e6+ Kf6 39. Nh5+ Kxe6 {[%emt 0:00:01] Threatens to win with ...c3.} 40. Nxg7+ Kf6 {[%emt 0:00:02] ...c3 is the strong threat.} 41. Nh5+ Kg6 42. Nf4+ {[%emt 0:02:49] [#]} Kf7 $1 {[%emt 0:00:04] Hoping for ...c3.} 43. Kf3 $2 (43. Ne2 Rd2 44. Rxb4 Rxe2 45. Rxc4) 43... c3 {[%emt 0:01:19] Black is clearly winning.} 44. Rc7 {[%emt 0:00:38] [#]} Rxf4+ $1 45. Kxf4 (45. Ke2 Rxh4) 45... b3 {[%emt 0:00:01] Weighted Error Value: White=0.60/Black=0.17 (very precise)} 0-1

[Event "VII GM Barcelona CC 2022"]
[Site "Barcelona"]
[Date "2022.05.13"]
[Round "6.2"]
[White "Del Prado Rodriguez, Xulio"]
[Black "Sosa, Tomas"]
[Result "1/2-1/2"]
[ECO "A41"]
[WhiteElo "2326"]
[BlackElo "2552"]
[Annotator "TA"]
[PlyCount "101"]
[EventDate "2022.05.10"]
[EventType "tourn"]
[EventCountry "ESP"]
[SourceTitle "playchess.com"]
[Source "ChessBase"]
[SourceQuality "1"]
[TimeControl "5400+30"]

1. d4 d6 2. Nf3 Bg4 3. c4 Bxf3 4. exf3 g6 5. Be2 Bg7 6. O-O {[%emt 0:00:22] A41: 1 d4 d6: Tartakower System and Modern Defence.} e6 7. Nc3 Ne7 {[%emt 0:00:54] [#]} 8. Re1 $146 ({Predecessor:} 8. d5 e5 9. f4 Nd7 10. fxe5 Nxe5 11. Bg5 h6 12. Bh4 Nd7 13. f4 Nf6 14. Bd3 {1-0 (27) Dalinger,V (2350)-Lorenz,G (2321) Germany 2005}) 8... O-O 9. Bf1 h6 ({Black should try} 9... d5 $11) 10. d5 $14 exd5 11. Nxd5 Nxd5 12. Qxd5 c6 13. Qd2 Na6 14. Rb1 Qd7 15. b3 Rfe8 16. Ba3 Rxe1 17. Rxe1 Rd8 18. Rd1 c5 19. g3 b6 20. f4 Nc7 21. Bg2 Qf5 22. Bb2 Ne6 23. Bd5 Nc7 24. Bxg7 Kxg7 25. Kg2 Qf6 26. Re1 a6 27. Re3 Re8 28. Qe2 (28. Rd3 $14 {keeps the upper hand.}) 28... Rxe3 $17 29. fxe3 {[%emt 0:00:01][%mdl 4096] Endgame KQB-KQN} Qc3 (29... Nxd5 $15 30. cxd5 Qc3) 30. e4 b5 31. Qf3 (31. Bb7 $11 {keeps the balance.}) 31... Qa1 32. Qe2 bxc4 ({Black should play} 32... Nxd5 $17 33. exd5 (33. cxd5 Qd4 $15) 33... bxc4 34. bxc4 Qc1) 33. Bxc4 $11 {[%emt 0:00:45] The position is equal.} Nb5 34. Bxb5 axb5 35. Qxb5 Qxa2+ {[%emt 0:00:05] KQ-KQ} 36. Kh3 Qc2 37. Qc4 Qd2 38. e5 dxe5 39. Qxc5 Qd7+ 40. Kg2 $1 Qb7+ 41. Kf2 exf4 42. Qc3+ Kh7 43. gxf4 Qh1 44. Qg3 h5 45. f5 gxf5 46. Qh3 Kh6 47. Qe3+ Kh7 48. Qh3 Kh6 49. Qe3+ Kg6 50. Qg3+ Kh7 51. Qh3 {[%emt 0:04:36][%csl LRf5,LRh5] Weighted Error Value: White=0.15 (very precise) /Black=0.10 (very precise)} 1/2-1/2

[Event "VII GM Barcelona CC 2022"]
[Site "Barcelona"]
[Date "2022.05.13"]
[Round "6.3"]
[White "Munoz, Miguel"]
[Black "Movsziszian, Karen"]
[Result "1/2-1/2"]
[ECO "B07"]
[WhiteElo "2421"]
[BlackElo "2467"]
[Annotator "TA"]
[PlyCount "23"]
[EventDate "2022.05.10"]
[EventType "tourn"]
[EventCountry "ESP"]
[SourceTitle "playchess.com"]
[Source "ChessBase"]
[SourceQuality "1"]
[TimeControl "5400+30"]

1. e4 {[%emt 0:12:30] ChessBase II} d6 2. d4 Nf6 3. Nc3 g6 4. Bg5 Bg7 5. e5 dxe5 6. dxe5 Ng4 7. Qxd8+ Kxd8 8. Rd1+ Bd7 9. e6 fxe6 10. Bc4 Ke8 11. Nf3 {[%emt 0:00:18] [#]} Bc8 $146 {[%emt 1:32:15] B07: Pirc Defence: Miscellaneous Systems.} (11... Nc6 $11 {keeps the balance.}) ({Predecessor:} 11... Nc6 12. O-O Nge5 13. Nxe5 Nxe5 14. Bb3 Nf7 15. Bf4 Nd6 16. Rfe1 Bxc3 17. bxc3 Rf8 18. Bg3 Rd8 19. Bxe6 Bxe6 20. Rxe6 {0-1 (38) Belkhodja,S (2488)-Hamdouchi,H (2575) France 2006 CBM 111 Extra [ChessBase II]}) 12. Nb1 (12. Bf4 $16) 1/2-1/2

[Event "VII GM Barcelona CC 2022"]
[Site "Barcelona"]
[Date "2022.05.13"]
[Round "6.4"]
[White "Rodriguez Lopez, Rafael"]
[Black "Gonzalez Perez, Arian"]
[Result "0-1"]
[ECO "B04"]
[WhiteElo "2176"]
[BlackElo "2415"]
[Annotator "TA"]
[PlyCount "70"]
[EventDate "2022.05.10"]
[EventType "tourn"]
[EventCountry "ESP"]
[SourceTitle "playchess.com"]
[Source "ChessBase"]
[SourceQuality "1"]
[TimeControl "5400+30"]

1. e4 Nf6 2. e5 Nd5 3. d4 d6 4. Nf3 dxe5 5. Nxe5 c6 6. Be2 Bf5 {[%emt 0:00:07] B04: Alekhine's Defence: 4 Nf3.} 7. a3 Nd7 8. Nxd7 Qxd7 {[%emt 0:00:10] The position is equal.} 9. c4 Nf6 {[%emt 0:00:18] [#]} 10. Nc3 $146 ({Predecessor:} 10. Be3 e6 11. O-O Bd6 12. Nd2 O-O 13. h3 Rad8 14. Nf3 Qc7 15. Qb3 b6 16. Rad1 {½-½ (70) Nahornyi,I (1469)-Agafonov,Y (2134) Albena 2017}) 10... e6 11. h3 Rd8 12. Be3 Bd6 13. g4 Bg6 14. Bf3 h6 15. Qe2 Qc7 16. O-O-O Qa5 {[%emt 0:03:03][%cal Od6a3] aiming for ...Bxa3!} 17. c5 Be7 18. h4 Nd5 (18... h5 $1 $11) 19. Nxd5 ({White should play} 19. Bxd5 $14 cxd5 20. f4) 19... cxd5 $15 20. g5 ({Better is} 20. h5 $15 Bh7 21. Qd2) 20... h5 $1 $17 21. Qd2 Qa4 22. Qc3 b6 23. b4 {[%emt 0:02:13] [#]} (23. c6 $2 Rc8 24. Kd2 (24. c7 $2 Bd6 $19) 24... Rxc6 $19) 23... bxc5 $1 24. dxc5 a5 $1 $40 {[%emt 0:00:31][%mdl 128] Hoping for ...axb4. Black attacks with force.} 25. Kb2 $2 {[%emt 0:02:12] Now White is beyond hope.} (25. Rd4 $17 {was worth a try.}) 25... axb4 $19 26. axb4 (26. Qxb4 Qc2+ 27. Ka1 O-O $19) 26... Rb8 (26... Ra8 27. Ra1 Qc6 28. Rxa8+ Qxa8 29. Qxg7 $18) 27. Bd2 {[%emt 0:01:00] [#]} Rxb4+ $3 28. Qxb4 Qc2+ 29. Ka1 {[%emt 0:00:53] White wants to mate with Qb5+.} O-O {[%emt 0:00:09] Chess con chili.} 30. Qa5 (30. Qa3 {leads to mate.} Bxc5 31. Bxd5 Bxa3 32. Rb1 exd5 33. Rb7 Bc5 34. Rh3 Bd4+) 30... Rb8 31. Bc3 {[%emt 0:00:52] [#] Prevents Qb2+.} (31. Bb4 {was the crucial defense.} Bxc5 32. Rd2 (32. Qxc5 $2 Ra8+ 33. Qa5 Rxa5+ 34. Bxa5 Qa4+ 35. Kb2 Qb5+ 36. Kc3 Qxa5+ 37. Kd4 Qa7+ 38. Kc3 Qa3+ 39. Kd4 Qxf3 $19) 32... Bxb4 33. Rxc2 Bxa5 34. Rcc1) 31... Bd8 $1 {[%emt 0:02:04] Black is clearly winning.} 32. Rc1 Rb1+ 33. Rxb1 Bxa5 34. Rb8+ Kh7 35. Bxa5 Qxc5 {[%emt 0:00:51] Weighted Error Value: White=0.57/Black=0.06 (flawless)} 0-1

[Event "VII GM Barcelona CC 2022"]
[Site "Barcelona"]
[Date "2022.05.13"]
[Round "6.5"]
[White "Gines Esteo, Pedro Antonio"]
[Black "Alvarez Albiol, Victor"]
[Result "1/2-1/2"]
[ECO "D05"]
[WhiteElo "2434"]
[BlackElo "2328"]
[Annotator "TA"]
[PlyCount "130"]
[EventDate "2022.05.10"]
[EventType "tourn"]
[EventCountry "ESP"]
[SourceTitle "playchess.com"]
[Source "ChessBase"]
[SourceQuality "1"]
[TimeControl "5400+30"]

1. d4 Nf6 2. Nf3 e6 3. e3 c5 4. Bd3 d5 5. b3 Nc6 6. Bb2 Bd6 7. O-O O-O 8. a3 Qc7 9. dxc5 {[%emt 0:03:27] D05: Colle System with ...e6.} Bxc5 10. c4 dxc4 11. Bxc4 {[%emt 0:00:06] [#] White has an edge.} Be7 $146 ({Predecessor:} 11... Rd8 12. Qc2 Be7 13. b4 Bd7 14. Nbd2 Rac8 15. Rac1 Qb8 16. Qb1 h6 17. Nb3 a6 {½-½ (79) Bluebaum,M (2670)-Radjabov,T (2765) chess24.com INT 2021}) 12. Nbd2 a6 13. Rc1 Bd6 14. Bd3 Qe7 15. Nc4 Bc7 16. Nfe5 Nxe5 17. Nxe5 Bd6 18. Qf3 {[%emt 0:12:02] White is much more active. The black rooks are badly placed.} (18. b4 $14) 18... Bxa3 $11 19. Bxa3 Qxa3 20. Rfd1 Qxb3 21. g4 {[%emt 0:02:38] Black must now prevent g5.} Nd7 22. Qh3 g6 $15 23. Nf3 Kg7 (23... a5 $17) 24. g5 $11 b5 $2 (24... Kg8 $11) 25. Be4 ({White should play} 25. Nd4 $18 Qa3 26. Be4) 25... Rb8 (25... Ra7 $16 {was necessary.}) 26. Nd4 Qa3 {[%emt 0:02:33] [#]} 27. Qh6+ $2 ({White should try} 27. Nxe6+ $1 $18 fxe6 28. Rxc8 $1 Rbxc8 29. Rxd7+ Rf7 30. Qxe6 Qc1+ 31. Kg2 Rxd7 32. Qxd7+ Kg8 33. Qe6+ Kf8 34. Qf6+ Ke8 35. Qh8+ Kd7 36. Qxh7+ Kd6 37. Qxg6+ Kc5 38. Qxa6) 27... Kg8 $1 28. Nc6 Rb6 29. Ra1 Qc5 30. Rac1 Qa3 31. Rc2 Rxc6 32. Bxc6 (32. Rxc6 Bb7 33. Rcd6 (33. Rxd7 $2 Bxc6 34. Rd1 Bxe4 $19) 33... Bxe4 $17) 32... Ne5 {[%emt 0:00:39] Hoping for ...Qa4.} 33. Bg2 b4 (33... Nc4 $11 {keeps the balance.}) 34. Rc7 $2 {[%emt 0:00:31] [#]} (34. Qh4 $16) 34... b3 (34... Bd7 $1 $15 35. h3 (35. Rcxd7 Nxd7 36. Rxd7 Qa1+ 37. Bf1 b3 $17) (35. Rdxd7 Qa1+ 36. Bf1 b3 $17) (35. Qh4 Ba4) 35... Bb5) 35. Qh4 $1 {[%emt 0:00:24] Threatens to win with Qd4.} ({Wrong is} 35. f4 $2 {[#]} b2 $1 36. fxe5 Qxe3+ 37. Kh1 Qd3 $3 $19 ) 35... b2 {[%emt 0:01:05][%cal Oa3d6] And now ...Qd6! would win.} 36. Qd4 {[%emt 0:00:25] Against Qd6} Qa2 $1 37. Be4 {[%emt 0:00:34] Inhibits b1Q.} Nf3+ 38. Bxf3 b1=Q 39. Rxb1 {[%emt 0:00:04] Really sharp!} Qxb1+ 40. Kg2 Qf5 41. Qf6 e5 42. Qxf5 Bxf5 {[%emt 0:00:37][%mdl 4096] Endgame KRB-KRB} 43. Bd5 Kg7 44. Ra7 Bd3 45. Kg3 h6 46. h4 hxg5 47. hxg5 a5 48. e4 (48. Rxa5 $16 f5 49. Ra7+ Kh8 50. Re7) 48... a4 {[%emt 0:00:57] The position is equal.} 49. f4 exf4+ 50. Kxf4 Bc2 51. e5 {[%emt 0:01:03] e6 is the strong threat.} Bb3 52. Bxb3 axb3 {[%emt 0:00:01] KR-KR} 53. Rb7 {[%emt 0:00:06] Inhibits Rb8.} Re8 54. Rxb3 Re7 55. Ke4 Ra7 56. Rb4 Rd7 57. Rb6 Ra7 58. Kd5 Ra1 59. Rb7 Ra6 60. Rc7 Kg8 61. Rc8+ Kg7 62. Rc7 Kg8 63. Rc6 Ra1 64. Rc8+ Kg7 65. Rc7 Rd1+ {[%emt 0:00:48] Weighted Error Value: White=0.18 (very precise) /Black=0.16 (very precise)} 1/2-1/2

[Event "VII GM Barcelona CC 2022"]
[Site "Barcelona"]
[Date "2022.05.13"]
[Round "7.1"]
[White "Alvarez Albiol, Victor"]
[Black "Pajeken, Jakob Leon"]
[Result "1/2-1/2"]
[ECO "B51"]
[WhiteElo "2328"]
[BlackElo "2398"]
[Annotator "TA"]
[PlyCount "26"]
[EventDate "2022.05.10"]
[EventType "tourn"]
[EventCountry "ESP"]
[SourceTitle "playchess.com"]
[Source "ChessBase"]
[SourceQuality "1"]
[TimeControl "5400+30"]

1. e4 c5 2. Nf3 d6 3. Bb5+ Nd7 4. d4 cxd4 5. Qxd4 a6 6. Bxd7+ Bxd7 {[%emt 0:00:02] The position is equal.} 7. c4 {[%emt 0:00:10] B51: Sicilian: Moscow Variation (3 Bb5+) without 3...Bd7.} e5 8. Qd3 b5 9. Nc3 bxc4 10. Qxc4 Be6 11. Qc6+ {[%emt 0:00:08] 11.Qc6+ scores better than 11.Qd3.} Bd7 12. Qc4 {[%emt 0:00:05] [#]} Be6 $146 ({Predecessor:} 12... Qc8 13. Qd3 Qb7 14. O-O Rc8 15. Rd1 h6 16. b3 Nf6 17. Ba3 Be6 18. Qe3 Qb8 19. Rd3 Be7 20. Rad1 {1-0 (64) Zhou,J (2585)-Li,E (2403) San Jose 2022}) 13. Qc6+ Bd7 {[%emt 0:00:03] A rather calm draw.  Weighted Error Value: White=0.04 (flawless) /Black=0.00 (flawless)} 1/2-1/2